 Dungeon Crawl Stone Soup version 0.31-a0-435-g2c6fae2916 (webtiles) character file.

Game seed: 4296655179886734054

1487242 ragingrage the Scorcher (level 27, 229/229 HPs)
             Began as a Human Conjurer on Aug 2, 2023.
             Was a High Priest of Ashenzari.
             Escaped with the Orb
             ... and 3 runes!
             The game lasted 02:14:24 (87613 turns).

ragingrage the Scorcher (Human Conjurer)           Turns: 87613, Time: 02:14:25

Health: 229/229    AC: 35    Str: 11    XL:     27
Magic:  53/53      EV: 26    Int: 40    God:    Ashenzari [*****.]
Gold:   1308       SH: 20    Dex: 21    Spells: 6/60 levels left

rFire   + . .        a - staff "Omniscient Burden" (curse) {rF+ Fire, Elem, Self} (curse)
rCold   + . .        U - +5 kite shield "Restrained With Me" {AC+3, Self, Cun} (curse)
rNeg    . . .        V - +5 faerie dragon scales {Harm rCorr Int+5 Clar, Elem, Cun} (curse)
rPois   .            R - +2 helmet "Profound Ordeal" {Int+3, Fort, Cun} (curse)
rElec   +            x - +2 cloak {Will+}
rCorr   +            e - +2 pair of gloves "Ensconced Omen" {Str+3, Elem, Self} (curse)
SInv    +            c - +2 pair of boots of Apeoromancy {Elem, Comp} (curse)
Will    ++++.        z - amulet of Vitality {RegenMP++ Regen++, Elem, Bglg} (curse)
Stlth   +            B - ring "Gaze Upon Infinity" {Will+ MP+9 Dex+6, Elem, Self} (curse)
HPRegen 2.18/turn    g - ring of the Mantic Portent {rElec rC+ rCorr Int+3, Elem, Fort} (curse)
MPRegen 1.13/turn

%: harm (+30% outgoing, +20% incoming), clarity
@: studying 2 skills
A: clarity, deterioration 1, no potion heal 1
0: Orb of Zot
}: 3/15 runes: serpentine, barnacled, slimy
a: Renounce Religion, Shatter the Chains


You escaped.
You worshipped Ashenzari.
Ashenzari was extremely pleased with you.
You visited 11 branches of the dungeon, and saw 53 of its levels.
You visited the Abyss 1 time.
You visited 1 bazaar.
You also visited: Trove and Bailey.

You collected 8022 gold pieces.
You spent 6714 gold pieces at shops.

Inventory:

Missiles
 k - 2 throwing nets
 r - 3 curare-tipped darts
Armour
 b - the +18 shield of the Gong {Loud rN+ Will+ rCorr EV-5}
   (You found it on level 5 of the Pits of Slime)

   Loud:      It is deafeningly noisy when blocking attacks.
   EV:        It affects your evasion (-5).
   rN:        It protects you from negative energy.
   rCorr:     It protects you from acid and corrosion.
   Will:      It increases your willpower.
 c - the cursed +2 pair of boots of Apeoromancy (worn) {Elem, Comp}
   (You found it on level 6 of the Dungeon)

   It has a curse which improves the following skills: Elements: Fire Magic, Ice
   Magic, Air Magic and Earth Magic.
   Companions: Summonings and Necromancy.
 e - the cursed +2 pair of gloves "Ensconced Omen" (worn) {Str+3, Elem, Self}
   (You bought it in a shop in a bazaar)

   It has a curse which improves the following skills: Elements: Fire Magic, Ice
   Magic, Air Magic and Earth Magic.
   Introspection: Fighting and Spellcasting.
 x - a +2 cloak of willpower (worn)
 R - the cursed +2 helmet "Profound Ordeal" (worn) {Int+3, Fort, Cun}
   (You bought it in a shop on level 2 of the Orcish Mines)

   It has a curse which improves the following skills: Fortitude: Armour and
   Shields.
   Cunning:   Dodging and Stealth.
 U - the cursed +5 kite shield "Restrained With Me" (worn) {AC+3, Self, Cun}
   (You took it off a naga on level 2 of the Snake Pit)

   It has a curse which improves the following skills: Introspection: Fighting
   and Spellcasting.
   Cunning:   Dodging and Stealth.
 V - the cursed +5 faerie dragon scales (worn) {Harm rCorr Int+5 Clar, Elem, Cun}
   (You took it off the Enchantress on level 2 of the Depths)

   Int:       It affects your intelligence (+5).
   Clar:      It protects you from confusion, rage, mesmerisation and fear.
   rCorr:     It protects you from acid and corrosion.
   Harm:      It increases damage dealt and taken.
   It has a curse which improves the following skills: Elements: Fire Magic, Ice
   Magic, Air Magic and Earth Magic.
   Cunning:   Dodging and Stealth.
Magical Staves
 a - the cursed staff "Omniscient Burden" (weapon) {rF+ Fire, Elem, Self}
   (You found it on level 5 of the Dungeon)

   [staff of fire]

   Base accuracy: +5 Base damage: 5 Base attack delay: 1.2 This weapon's minimum
   attack delay (0.6) is reached at skill level 12.
   rF:        It protects you from fire.
   Fire:      It increases the power of your Fire spells.
   It falls into the 'Staves' category.
   It is a one-handed weapon.
   It has a curse which improves the following skills: Elements: Fire Magic, Ice
   Magic, Air Magic and Earth Magic.
   Introspection: Fighting and Spellcasting.
 D - the staff of the Ghost {Contam rElec rN+ rCorr Int+3 Air}
   (You found it on level 5 of the Pits of Slime)

   [staff of air]

   Base accuracy: +5 Base damage: 5 Base attack delay: 1.2 This weapon's minimum
   attack delay (0.6) is reached at skill level 12.
   Int:       It affects your intelligence (+3).
   rElec:     It insulates you from electricity.
   rN:        It protects you from negative energy.
   Contam:    It causes magical contamination when unequipped.
   rCorr:     It protects you from acid and corrosion.
   Air:       It increases the power of your Air spells.
   It falls into the 'Staves' category.
   It is a one-handed weapon.
Jewellery
 g - the cursed ring of the Mantic Portent (right hand) {rElec rC+ rCorr Int+3, Elem, Fort}
   (You found it on level 13 of the Dungeon)

   [ring of protection from cold]

   Int:       It affects your intelligence (+3).
   rC:        It protects you from cold.
   rElec:     It insulates you from electricity.
   rCorr:     It protects you from acid and corrosion.
   It has a curse which improves the following skills: Elements: Fire Magic, Ice
   Magic, Air Magic and Earth Magic.
   Fortitude: Armour and Shields.
 z - the cursed amulet of Vitality (around neck) {RegenMP++ Regen++, Elem, Bglg}
   (You bought it in a shop on level 2 of the Elven Halls)

   [amulet of magic regeneration]

   It increases your rate of magic regeneration.
   Regen:     It increases your rate of health regeneration.
   It has a curse which improves the following skills: Elements: Fire Magic, Ice
   Magic, Air Magic and Earth Magic.
   Beguiling: Conjurations, Hexes and Translocations.
 B - the cursed ring "Gaze Upon Infinity" (left hand) {Will+ MP+9 Dex+6, Elem, Self}
   (You found it in a treasure trove)

   [ring of dexterity]

   Dex:       It affects your dexterity (+6).
   MP:        It affects your magic capacity (+9).
   Will:      It increases your willpower.
   It has a curse which improves the following skills: Elements: Fire Magic, Ice
   Magic, Air Magic and Earth Magic.
   Introspection: Fighting and Spellcasting.
Wands
 s - a wand of iceblast (36)
 y - a wand of charming (20)
 F - a wand of mindburst (29)
 L - a wand of light (46)
 M - a wand of digging (16)
 Q - a wand of polymorph (38)
 S - a wand of flame (64)
Scrolls
 d - a scroll of enchant armour
 f - 6 scrolls of fog
 n - 13 scrolls of teleportation
 t - 7 scrolls of vulnerability
 u - 4 scrolls of summoning
 v - 6 scrolls of immolation
 w - 10 scrolls of amnesia
 A - 3 scrolls of blinking
 N - 9 scrolls of revelation
 T - 9 scrolls of fear
 X - 8 scrolls of poison
 Y - 4 scrolls of silence
Potions
 h - 2 potions of resistance
 i - 10 potions of heal wounds
 j - 6 potions of invisibility
 o - 3 potions of berserk rage
 p - 6 potions of brilliance
 C - 26 potions of curing
 E - 8 potions of lignification
 G - 8 potions of magic
 I - 12 potions of might
 J - 7 potions of haste
 K - 2 potions of mutation
 P - 3 potions of enlightenment
 Z - a potion of cancellation
Miscellaneous
 l - a lightning rod (4/4)
 q - a sack of spiders
 H - a tin of tremorstones (2/2)
 O - a phantom mirror


   Skills:
 + Level 16.6(21.5) Fighting
 - Level 12.0 Staves
 - Level 17.0(20.0) Armour
 + Level 17.3(21.3) Dodging
 - Level 3.0(6.4) Stealth
 - Level 13.9(17.0) Shields
 - Level 12.0(17.0) Spellcasting
 - Level 17.0(19.0) Conjurations
 - Level 4.0(6.0) Hexes
 - Level 11.9(14.0) Summonings
 - Level 4.6(6.6) Translocations
 - Level 17.9(25.1) Fire Magic
 - Level 16.9(24.2) Air Magic
 - Level 14.0 Evocations


You had 6 spell levels left.
You knew the following spells:

 Your Spells              Type           Power      Damage    Failure   Level
a - Spellforged Servitor  Conj/Summ      52%        N/A       1%          7
b - Ignition              Fire           75%        3d20      1%          8
c - Maxwell's Capacitive  Air            61%        ∞         1%          8
d - Swiftness             Air            100%       N/A       0%          3
e - Irradiate             Conj/Tmut      41%        3d25      1%          5
f - Stone Arrow           Conj/Erth      100%       3d13      1%          3
g - Plasma Beam           Fire/Air       74%        2x1d91    0%          6
h - Iskenderun's Battles  Conj           100%       2d15      1%          5
i - Orb of Destruction    Conj           55%        9d14      1%          7
j - Blink                 Tloc           100%       N/A       1%          2

Your spell library contained the following spells:

 Spells                   Type           Power      Damage    Failure   Level
 Magic Dart               Conj           100%       1d8       0%          1
 Shock                    Conj/Air       100%       1d9       0%          1
 Summon Small Mammal      Summ           100%       N/A       0%          1
 Momentum Strike          Conj/Tloc      100%       3d10      0%          2
 Searing Ray              Conj           100%       2d8       0%          2
 Static Discharge         Conj/Air       100%       2-7/arc   0%          2
 Mephitic Cloud           Conj/Pois/Air  99%        N/A       0%          3
 Vhi's Electric Charge    Tloc/Air       100%       N/A       0%          3
 Volatile Blastmotes      Fire/Tloc      100%       2d18      0%          3
 Airstrike                Air            61%        2d(9-25)  0%          4
 Sticky Flame             Conj/Fire      100%       2d11      0%          4
 Summon Lightning Spire   Summ/Air       100%       N/A       0%          4
 Arcjolt                  Conj/Air       59%        1d69      0%          5
 Fireball                 Conj/Fire      71%        3d27      0%          5
 Apportation              Tloc           100%       N/A       1%          1
 Kiss of Death            Conj/Necr      100%       2d13      1%          1
 Necrotise                Necr           100%       1d9       1%          1
 Sandblast                Erth           84%        2d18      1%          1
 Ensorcelled Hibernation  Hex/Ice        100%       N/A       1%          2
 Lesser Beckoning         Tloc           100%       N/A       1%          2
 Poisonous Vapours        Pois/Air       100%       N/A       1%          2
 Call Canine Familiar     Summ           98%        N/A       1%          3
 Confusing Touch          Hex            70%        N/A       1%          3
 Dazzling Flash           Conj/Hex       100%       N/A       1%          3
 Gell's Gravitas          Tloc           72%        N/A       1%          3
 Ignite Poison            Fire/Tmut/Pois 100%       N/A       1%          3
 Portal Projectile        Hex/Tloc       100%       N/A       1%          3
 Teleport Other           Tloc           72%        N/A       1%          3
 Tukima's Dance           Hex            70%        N/A       1%          3
 Animate Armour           Summ/Erth      100%       N/A       1%          4
 Fulminant Prism          Conj/Hex       47%        3d21      1%          4
 Iskenderun's Mystic Bla  Conj/Tloc      95%        2d18      1%          4
 Manifold Assault         Tloc           72%        N/A       1%          4
 Passage of Golubria      Tloc           72%        N/A       1%          4
 Freezing Cloud           Conj/Ice/Air   50%        6-21      1%          5
 Silence                  Hex/Air        50%        N/A       1%          5
 Conjure Ball Lightning   Conj/Air       59%        3x3d21    1%          6
 Passwall                 Tmut/Erth      31%        N/A       2%          2
 Sublimation of Blood     Necr           36%        N/A       2%          2
 Wereblood                Tmut           34%        N/A       3%          2
 Frozen Ramparts          Ice            84%        1d13      3%          3
 Leda's Liquefaction      Hex/Erth       29%        N/A       4%          4
 Leda's Unmaking          Conj/Erth      42%        9d7       4%          6
 Vampiric Draining        Necr           36%        2d8       5%          3
 Anguish                  Hex/Necr       28%        N/A       5%          4
 Metabolic Englaciation   Hex/Ice        29%        N/A       13%         5
 Petrify                  Tmut/Erth      38%        N/A       16%         4
 Yara's Violent Unravell  Hex/Tmut       27%        3d12      16%         5
 Animate Dead             Necr           36%        N/A       17%         4
 Dispel Undead            Necr           36%        3d15      17%         4
 Dispersal                Tloc           36%        N/A       19%         6
 Lee's Rapid Deconstruct  Erth           21%        3d12*     34%         5
 Borgnjor's Vile Clutch   Necr/Erth      19%        N/A       38%         5
 Death Channel            Necr           18%        N/A       95%         6
 Eringya's Noxious Bog    Tmut/Pois      17%        4d6       96%         6
 Summon Hydra             Summ           49%        N/A       5%          7
 Chain Lightning          Conj/Air       59%        3d78      28%         9
 Haunt                    Necr/Summ      37%        N/A       65%         7
 Lehudib's Crystal Spear  Conj/Erth      42%        10d10     91%         8
 Borgnjor's Revivificati  Necr           18%        N/A       100%        8
 Disjunction              Tloc           36%        N/A       100%        8
 Death's Door             Necr           18%        N/A       100%        9


Dungeon Overview and Level Annotations

Branches:
Dungeon (15/15)            Temple (1/1) D:6            Lair (5/5) D:9
 Shoals (4/4) Lair:3        Snake (4/4) Lair:3        Slime (5/5) Lair:4
    Orc (2/2) D:12            Elf (3/3) Orc:2        Vaults (5/5) D:14
  Crypt (0/3) Vaults:3     Depths (4/4) D:15            Zot (5/5) Depths:4
 Bailey (visited)

Altars:
Ashenzari
Cheibriados
Dithmenos
Elyvilon
Fedhas
Gozag
Hepliaklqana
Kikubaaqudgha
Makhleb
Nemelex Xobeh
Okawaru
Qazlal
Ru
Sif Muna
Trog
Uskayaw
Vehumet
Wu Jian
Xom
Yredelemnul
Zin
The Shining One
Jiyva

Shops:
D:2 (   D:3 (   D:10 :   Orc:2 [([[   Elf:1 ?([=   Elf:2 =   Elf:3 ?
Shoals:3 [   Shoals:4 (   Snake:2 ?   Vaults:1 (   Depths:3 *

Portals:
Hell: Depths:1 Depths:2 Depths:3 Depths:4
Abyss: Depths:3
Pandemonium: Depths:2
Ziggurat: Depths:4

Annotations:
Snake:1 exclusion: 2 downstairs
Elf:2 3 runed translucent doors, exclusion: downstairs


Innate Abilities, Weirdness & Mutations

You possess an exceptional clarity of mind.
Your body sometimes deteriorates upon taking damage.
Potions are less effective at restoring your health.


Message History

There is a stone staircase leading down here.
(D) Dungeon (T) Temple (L) Lair (A) Shoals (P) Snake Pit (M) Slime Pits (O) Orcish Mines (E) Elven Halls (V) Vaults (C) Crypt (U) Depths (H) Hell (Z) Zot
Where to? (Enter - D:1 @ (x,y), ? - help)
What level of the Dungeon? (default 1, ? - help)
An Orb Guardian comes into view.
You feel a surge of power!
The bolt of lightning hits the Orb Guardian!!
The fiery plasma misses the Orb Guardian.
You feel a surge of power!
The bolt of lightning hits the Orb Guardian!!!!
You kill the Orb Guardian!
You can't see any susceptible monsters within range! (Use Z to cast anyway.)
You can't see any susceptible monsters within range! (Use Z to cast anyway.)
(D) Dungeon (T) Temple (L) Lair (A) Shoals (P) Snake Pit (M) Slime Pits (O) Orcish Mines (E) Elven Halls (V) Vaults (C) Crypt (U) Depths (H) Hell (Z) Zot
Where to? (Enter - D:1 @ (x,y), ? - help)
There is a stone staircase leading up here.
You climb upwards.
There is a stone staircase leading down here.
You sense a monster nearby.
Done exploring.
There is an open door here.
(D) Dungeon (T) Temple (L) Lair (A) Shoals (P) Snake Pit (M) Slime Pits (O) Orcish Mines (E) Elven Halls (V) Vaults (C) Crypt (U) Depths (H) Hell (Z) Zot
Where to? (Enter - D:1 @ (x,y), ? - help)
You see here 4 stones.
There is an open door here.
There is a stone staircase leading up here.
You climb upwards.
There is a stone staircase leading down here.
You see here a +0 dagger.
There is a staircase leading out of the dungeon here.
You have escaped!

##.......................##
#..).........##.#####....#
#...........>##.# #....#
#............#..# ########
##..........########...####
##...##.######..##.###.##.
######.#..##.#.#.###.####
#.#....##.#..##.##..
###.#@.#####..#.#....#
##...#....###.##.#)####
##..#.#..##...##.###....
#..#..##################
#.).)...................
#########......###..####
#..##.### ##....# #.....#
####.. #..#### ##.


There were no monsters in sight!

Vanquished Creatures
  A pandemonium lord (D:5)
  the Royal Jelly (Slime:5)
  A dread lich (Zot:5)
  5 orbs of fire
  4 juggernauts
  Josephina (Depths:4)
  Boris (Depths:4)
  Sojobo (Depths:3)
  Margery (Vaults:2)
  Parghit (Depths:4)
  5 Killer Klowns (Zot:5)
  Vashnia (Snake:4)
  Saint Roka (Depths:4)
  4 caustic shrikes
  3 curse toes
  the Enchantress (Depths:2)
  9 golden dragons
  Nikola (Shoals:4)
  Norris (Depths:2)
  A bone dragon (Zot:3)
  2 doom hounds (Zot:3)
  An electric golem (Zot:5)
  2 Tzitzimimeh
  2 hellephants
  A Brimstone Fiend (D:5)
  16 tentacled monstrosities
  A Hell Sentinel (D:9)
  12 Orb Guardians
  Grunn (Zot:3)
  A walking divine tome (Depths:3)
  6 quicksilver dragons
  2 deep elf master archers (Elf:3)
  A walking crystal tome (Depths:2)
  A titan (Depths:3)
  3 liches
  A deep elf blademaster (Elf:3)
  An Executioner (D:4)
  14 acid blobs
  13 death cobs
  A kraken (Shoals:2)
  5 tengu reavers
  2 sphinxes
  3 tentacled starspawn
  The ghost of HilariousDeathArtist the Spry, an adept DrCK of Xom (Shoals:1)
  Ilsuiw (Shoals:2)
  8 shadow dragons
  Kirke (D:14)
  10 storm dragons
  Roxanne (Snake:2)
  7 draconian knights
  9 azure jellies
  6 nagarajas
  12 rockslimes
  A daeva (Abyss:3)
  7 frost giants
  7 draconian monks
  10 vault wardens
  3 fire giants
  10 draconian scorchers
  A ghoul (Vaults:3)
  5 ghost moths
  15 ironbound preservers
  3 draconian stormcallers
  6 deep elf elementalists
  A caustic shrike skeleton (Depths:2)
  8 deep elf sorcerers
  9 draconian shifters
  3 orc warlords
  Louise (Shoals:3)
  3 cacodemons
  9 draconian annihilators
  3 formless jellyfish
  2 war gargoyles (Vaults:4)
  3 spriggan defenders (Depths:2)
  6 quicksilver oozes
  12 stone giants
  5 very ugly things
  A lorocyproca (Depths:2)
  3 starflowers (Abyss:5)
  A broodmother (shapeshifter) (Elf:2)
  12 black draconians
  4 deep elf demonologists
  7 ironbound thunderhulks
  A putrid mouth (Zot:3)
  9 green draconians
  5 deep elf annihilators
  10 purple draconians
  12 yellow draconians
  8 red draconians
  2 vampire knights
  20 dire elephants
  An eidolon (Vaults:3)
  16 white draconians
  A blizzard demon (Zot:1)
  5 spark wasps
  A crystal guardian (Vaults:4)
  11 ettins
  3 merfolk javelineers
  8 fire dragons
  8 merfolk impalers
  12 yaktaur captains
  5 deep elf death magi
  The ghost of Maxmaps the Spear-Bearer, a journeyman OpSh of Gozag (D:13)
  2 deep elf high priests (Elf:3)
  2 entropy weavers
  12 great orbs of eyes
  4 ice dragons
  A hydra (shapeshifter) (Vaults:3)
  A rakshasa (Depths:2)
  2 merfolk avatars
  A great orb of eyes (shapeshifter) (Vaults:5)
  3 salamander tyrants
  A hell beast (Depths:2)
  2 ogre magi
  6 hydras
  6 catoblepae
  28 vault guards
  Erica (Lair:1)
  A death knight (D:14)
  2 peacekeepers (Vaults:4)
  5 merfolk aquamancers
  14 ironbound frosthearts
  8 centaur warriors
  6 deep troll shamans (Depths:2)
  2 alligator snapping turtles
  5 spriggan air magi (Depths:2)
  A satyr (Shoals:3)
  2 tengu warriors
  11 two-headed ogres
  15 anacondas
  14 dancing weapons
  6 boulder beetles
  2 vampire magi
  10 hell hogs
  4 deep troll earth magi
  22 naga warriors
  3 orc high priests
  13 death yaks
  5 spriggan berserkers
  12 naga sharpshooters
  5 shock serpents
  A soul eater (Depths:2)
  A storm dragon zombie (Vaults:5)
  Nergalle (Orc:1)
  A sun demon (Depths:1)
  9 hell knights
  6 deep elf knights
  A skyshark (Shoals:1)
  The ghost of CraigForest the Grappler, a novice TrSh of Qazlal (D:7)
  3 skeletal warriors
  6 iron trolls
  A shadow wraith (Abyss:3)
  A sixfirhy (Zot:1)
  Lodul (D:11)
  8 glowing orange brains
  35 deep trolls
  3 orange crystal statues
  7 wizards
  8 salamander mystics
  2 shadow demons
  A flayed ghost (Depths:3)
  7 lindwurms
  A kraken simulacrum (Shoals:4)
  2 spriggan simulacra
  14 ironbound convokers
  18 sea snakes
  A sphinx zombie (Vaults:5)
  11 deep elf archers
  22 deep elf zephyrmancers
  7 starcursed masses
  3 phantasmal warriors
  5 necromancers
  10 orc knights
  22 harpies
  5 oklob plants
  10 naga ritualists
  8 mana vipers
  28 ugly things
  A wolf spider (D:15)
  19 manticores
  5 shining eyes
  9 orc sorcerers
  23 deep elf pyromancers
  7 cyclopes
  11 fauns
  25 salamanders
  A will-o-the-wisp (Abyss:4)
  8 merfolk sirens
  9 elephants (Lair:2)
  A spectral centaur (D:13)
  2 human skeletons
  14 moths of wrath
  19 vault sentinels
  A water nymph (shapeshifter) (Abyss:3)
  An apocalypse crab (Abyss:3)
  42 black mambas
  12 guardian serpents
  11 water nymphs
  Maurice (Orc:1)
  12 cane toads
  2 smoke demons
  A molten gargoyle (Depths:2)
  3 orange demons
  A storm dragon simulacrum (Depths:4)
  4 gargoyles
  27 naga magi
  9 komodo dragons
  A hellion (Depths:1)
  2 rime drakes (Lair:4)
  An efreet (D:15)
  A yaktaur (shapeshifter) (Depths:3)
  Psyche (D:10)
  2 ice devils (Depths:2)
  A tengu conjurer (Depths:2)
  2 tormentors
  2 freezing wraiths
  30 yaktaurs
  A red devil (Depths:2)
  2 guardian mummies (D:14)
  23 merfolk
  2 trolls (Orc:2)
  2 hellwings
  A polar bear (Lair:3)
  A tarantella (shapeshifter) (Elf:3)
  7 wind drakes
  14 snapping turtles
  A hornet (D:5)
  Prince Ribbit (Lair:2)
  14 blink frogs
  Grinder (D:3)
  A wind drake (shapeshifter) (D:13)
  A large abomination (Abyss:3)
  An ettin zombie (Depths:2)
  A fire giant simulacrum (Vaults:5)
  18 dream sheep
  An iron dragon simulacrum (Depths:4)
  2 spriggans (Depths:2)
  2 centaur simulacra
  104 slime creatures
  2 shadows
  22 water elementals
  4 wraiths
  A spriggan (shapeshifter) (D:13)
  15 wyverns
  2 air elementals (Elf:3)
  51 yaks
  4 fire elementals
  9 basilisks
  5 hogs (D:14)
  2 chaos spawn
  7 golden eyes
  2 neqoxecs
  6 steam dragons
  3 redbacks (Vaults:4)
  2 glowing shapeshifter zombies (Depths:2)
  4 vampire mosquitoes (D:13)
  4 wargs
  72 nagas
  2 acid dragons
  16 water moccasins
  A hell hound (Lair:4)
  4 floating eyes
  42 orc warriors
  2 glowing shapeshifter skeletons
  An ice beast (D:6)
  8 black bears
  A sky beast (D:6)
  9 ogres
  12 centaurs
  4 small abominations (Abyss:3)
  18 wolves
  4 boggarts (Vaults:4)
  2 kobold brigands (D:7)
  A gnoll sergeant (D:13)
  13 bullfrogs
  2 glowing shapeshifter simulacra
  2 scorpions
  2 earth elementals (Elf:3)
  4 wights (D:8)
  A killer bee (shapeshifter) (Elf:1)
  16 killer bees
  5 electric eels
  4 howler monkeys
  5 lava snakes (Snake:4)
  14 hounds
  6 jellies
  A quasit (Abyss:3)
  A spectral boggart (D:13)
  22 orc priests
  2 gnoll boudas
  3 sleepcaps
  18 orc wizards
  5 iguanas
  9 hell rats
  4 lightning spires (Zot:2)
  14 gnolls
  4 river rats (Lair:5)
  14 adders
  A shadow imp (D:6)
  13 white imps
  2 ufetubi
  A worm (D:2)
  3 dart slugs
  98 orcs
  7 ball pythons
  6 endoplasms
  7 giant cockroaches
  16 goblins
  13 hobgoblins
  4 jackals (D:3)
  3 quokkas
  6 bats
  A frilled lizard (D:2)
  16 kobolds
  12 rats
  2 starspawn tentacles (Abyss:4)
  4 tentacles (Shoals:2)
2258 creatures vanquished.

Vanquished Creatures (collateral kills)
  Rupert (Snake:1)
  Aizul (Vaults:1)
  A draconian annihilator (Zot:3)
  A dancing weapon (Elf:2)
  A sea snake (Shoals:4)
  A mana viper (Snake:3)
  A merfolk (Shoals:4)
7 creatures vanquished.

Vanquished Creatures (others)
  An eldritch tentacle (Zot:5)
  A human (D:14)
  A quasit (Abyss:3)
  An orc wizard (D:6)
  3 foxfires (Abyss:4)
  76 fulminant prisms
  7 starspawn tentacles (Abyss:3)
  4 tentacles (Shoals:2)
94 creatures vanquished.

Grand Total: 2359 creatures vanquished

Notes
Turn   | Place    | Note
-------+----------+-------------------------------------------
     0 | D:1      | ragingrage the Human Conjurer began the quest for the Orb.
     0 | D:1      | Reached XP level 1. HP: 13/13 MP: 3/3
   194 | D:1      | Reached XP level 2. HP: 19/19 MP: 0/5
   633 | D:1      | Reached XP level 3. HP: 24/24 MP: 2/6
   737 | D:1      | Learned a level 2 spell: Searing Ray
  1062 | D:1      | Found a faded altar of an unknown god.
  1420 | D:1      | Reached skill level 5 in Conjurations
  1581 | D:2      | Reached XP level 4. HP: 24/30 MP: 1/7
  2038 | D:2      | Learned a level 4 spell: Iskenderun's Mystic Blast
  2119 | D:2      | Found a bloodstained altar of Trog.
  2387 | D:2      | Found Sugh's Antique Weapon Shoppe.
  2588 | D:3      | Reached skill level 1 in Translocations
  2666 | D:3      | Reached XP level 5. HP: 35/35 MP: 8/8
  2734 | D:3      | Noticed Grinder
  2747 | D:3      | Killed Grinder
  2748 | D:3      | Reached XP level 6. HP: 35/41 MP: 5/9
  2875 | D:3      | Found Mopots's Weapon Shop.
  2894 | D:3      | Bought 6 poisoned darts for 43 gold pieces
  3285 | D:4      | Reached XP level 7. HP: 46/46 MP: 10/10
  3549 | D:4      | Found a sparkling altar of Nemelex Xobeh.
  4014 | D:5      | Entered Level 5 of the Dungeon
  4154 | D:5      | Learned a level 3 spell: Swiftness
  4234 | D:5      | Noticed a steam dragon
  4408 | D:5      | Identified the +4 hand axe "Iruzarit" {heavy, rElec rF-
                  | rN+++ rCorr}
  4482 | D:5      | Noticed a hornet
  4484 | D:5      | Reached XP level 8. HP: 56/56 MP: 11/11
  4746 | D:5      | Reached skill level 1 in Air Magic
  5282 | D:5      | Found an ancient bone altar of Kikubaaqudgha.
  5291 | D:5      | Found an ornate altar of the Wu Jian Council.
  5492 | D:5      | Learned a level 4 spell: Fulminant Prism
  5588 | D:6      | Reached skill level 1 in Hexes
  5768 | D:6      | Reached XP level 9. HP: 61/61 MP: 15/15
  6790 | D:6      | Found a radiant altar of Vehumet.
  6816 | D:6      | Found a staircase to the Ecumenical Temple.
  6836 | Temple   | Entered the Ecumenical Temple
  6864 | Temple   | Became a worshipper of Ashenzari the Shackled
  7211 | D:7      | Found a flagged portal.
  7249 | Bailey   | Entered a bailey
  7265 | Bailey   | Reached skill level 10 in Conjurations
  7546 | Bailey   | Noticed an orc knight
  7547 | Bailey   | Noticed an orc knight
  7570 | Bailey   | Reached XP level 10. HP: 67/67 MP: 13/17
  7581 | Bailey   | Killed an orc knight
  7582 | Bailey   | Reached skill level 5 in Spellcasting
  7582 | Bailey   | Reached skill level 5 in Air Magic
  7585 | Bailey   | Killed an orc knight
  7593 | Bailey   | Noticed an orc knight
  7718 | Bailey   | HP: 1/67 [orc warrior/+0 trident (23)]
  7812 | Bailey   | Killed an orc knight
  8345 | D:7      | Reached XP level 11. HP: 72/72 MP: 24/24
  8352 | D:7      | Learned a level 5 spell: Arcjolt
  8359 | D:7      | Learned a level 6 spell: Plasma Beam
  8612 | D:7      | Reached skill level 10 in Air Magic
  8904 | D:7      | Found a runed translucent door.
  8906 | D:7      | Noticed CraigForest's ghost (novice TrSh)
  9368 | D:8      | Reached * piety under Ashenzari
  9434 | D:8      | Identified the +0 ring mail of Ossaut {rElec Int+8 Dex-5}
  9525 | D:8      | Reached XP level 12. HP: 78/78 MP: 25/25
 10151 | D:9      | Identified the +5 dagger of Sin {venom, Contam Fly rC+
                  | Dex+3 Stlth+}
 10297 | D:9      | Reached skill level 1 in Evocations
 11027 | D:9      | Found a staircase to the Lair.
 11326 | D:10     | Entered Level 10 of the Dungeon
 11548 | D:10     | Reached ** piety under Ashenzari
 11616 | D:10     | Noticed Psyche
 11622 | D:10     | Killed Psyche
 11895 | D:10     | Identified the +1 short sword of Ignis's Approval {drain,
                  | +Blink rPois Will+}
 12088 | D:10     | Found Qiac's Book Emporium.
 12096 | D:10     | Bought a book of the Spheres for 648 gold pieces
 12751 | D:11     | Learned a level 5 spell: Iskenderun's Battlesphere
 12871 | D:11     | Noticed Lodul
 12878 | D:11     | Killed Lodul
 12879 | D:11     | Reached skill level 10 in Spellcasting
 12896 | D:11     | Noticed a centaur warrior
 13034 | D:11     | Noticed a two-headed ogre
 13065 | D:11     | Killed a two-headed ogre
 13357 | D:11     | Killed a centaur warrior
 13429 | D:11     | Noticed a two-headed ogre
 13434 | D:11     | Killed a two-headed ogre
 13435 | D:11     | Reached XP level 13. HP: 83/83 MP: 27/27
 15704 | D:12     | Found a staircase to the Orcish Mines.
 15801 | D:13     | Found a transporter.
 15801 | D:13     | Noticed Maxmaps's ghost (journeyman OpSh)
 15802 | D:13     | Found a transporter.
 15803 | D:13     | Noticed a vampire knight
 15814 | D:13     | Reached skill level 1 in Fire Magic
 15965 | D:13     | Identified the ring of the Everdark {rElec rC+ rCorr Int+3}
 15966 | D:13     | Identified a scroll of acquirement
 16583 | D:13     | Found a glowing silver altar of Zin.
 16891 | Lair:1   | Entered Level 1 of the Lair of Beasts
 16897 | Lair:1   | Noticed Erica
 16904 | Lair:1   | Killed Erica
 16964 | Lair:1   | Noticed a catoblepas
 16971 | Lair:1   | Killed a catoblepas
 17108 | Lair:1   | Found a frozen archway.
 17270 | Lair:1   | Noticed a catoblepas
 17278 | Lair:1   | Killed a catoblepas
 17279 | Lair:1   | Reached XP level 14. HP: 90/90 MP: 17/28
 17905 | Lair:1   | Reached skill level 5 in Fire Magic
 18979 | Lair:2   | Noticed Prince Ribbit
 18983 | Lair:2   | Killed Prince Ribbit
 19004 | Lair:2   | You are sucked into a shaft and drop 1 floor!
 19606 | Lair:2   | Reached *** piety under Ashenzari
 19982 | Lair:2   | Reached **** piety under Ashenzari
 19998 | Lair:2   | Identified the +0 robe of Godil {rC+ MP+9 Stlth-}
 21277 | Lair:3   | Found a staircase to the Snake Pit.
 21412 | Lair:3   | Found a staircase to the Shoals.
 22211 | Lair:4   | Reached XP level 15. HP: 95/95 MP: 29/29
 22212 | Lair:4   | Reached skill level 10 in Fire Magic
 22377 | Lair:4   | Reached skill level 1 in Armour
 23644 | Lair:4   | Found a staircase to the Slime Pits.
 23782 | Lair:5   | Entered Level 5 of the Lair of Beasts
 23802 | Lair:5   | Reached skill level 5 in Dodging
 24173 | Slime:1  | Entered Level 1 of the Pits of Slime
 25279 | Lair:5   | Reached skill level 5 in Fighting
 26062 | Orc:1    | Entered Level 1 of the Orcish Mines
 26211 | Orc:2    | Entered Level 2 of the Orcish Mines
 27267 | Orc:2    | Found Qoxoim's Antique Armour Shop.
 27697 | Orc:2    | Found Xubocod's Armour Boutique.
 27809 | Orc:2    | Bought a +0 helmet of intelligence for 172 gold pieces
 28297 | Orc:2    | Reached XP level 16. HP: 111/111 MP: 30/30
 28474 | Orc:1    | Noticed Maurice
 28476 | Orc:1    | Reached skill level 15 in Air Magic
 28671 | Orc:1    | Killed Maurice
 28788 | Orc:1    | Noticed Nergalle
 28791 | Orc:1    | Killed Nergalle
 29747 | Orc:2    | Found a staircase to the Elven Halls.
 30274 | Orc:2    | Found Hyuhiv's Antique Armour Shoppe.
 30276 | Orc:2    | Found Focs's Antique Weapon Emporium.
 30289 | Orc:2    | Bought a distressingly furry ring mail for 288 gold pieces
 30289 | Orc:2    | Identified the +0 ring mail of Pachu {Str+3 Int+3 Dex+4}
                  | (You bought it in a shop on level 2 of the Orcish Mines)
 30851 | D:14     | Found a gate to the Vaults.
 30853 | D:14     | Noticed Kirke
 30872 | D:14     | Killed Kirke
 31435 | D:14     | Found a portal to a secret trove of treasure.
 32370 | D:15     | Entered Level 15 of the Dungeon
 32628 | D:15     | Found a staircase to the Depths.
 33564 | Snake:1  | Entered Level 1 of the Snake Pit
 33835 | Snake:1  | Reached XP level 17. HP: 124/124 MP: 27/31
 34940 | Snake:1  | Noticed Rupert
 34961 | Snake:1  | Killed Rupert
 35989 | Snake:1  | Reached skill level 10 in Fighting
 36802 | Snake:2  | Noticed Roxanne
 36872 | Snake:2  | Reached skill level 1 in Shields
 37842 | Snake:2  | Found Kykhlowk's Magic Scroll Boutique.
 37869 | Snake:2  | Bought a scroll of fear for 52 gold pieces
 37869 | Snake:2  | Bought a scroll of blinking for 97 gold pieces
 38621 | Snake:2  | Reached skill level 5 in Shields
 40326 | Snake:3  | Reached XP level 18. HP: 138/138 MP: 23/32
 41391 | Snake:4  | Entered Level 4 of the Snake Pit
 44788 | Snake:3  | Reached skill level 10 in Shields
 45826 | Snake:4  | Noticed Vashnia
 46023 | Snake:4  | Killed Vashnia
 46024 | Snake:4  | Reached XP level 19. HP: 140/143 MP: 3/33
 46389 | Snake:4  | Identified the +0 trident "Baemneopn" {freeze, Contam rN+++
                  | rCorr Str-4}
 46391 | Snake:4  | Found a shimmering altar of Xom.
 47527 | Snake:4  | Got a serpentine rune of Zot
 47658 | Snake:2  | Learned a level 7 spell: Orb of Destruction
 47816 | Snake:2  | Killed Roxanne
 48277 | Elf:1    | Entered Level 1 of the Elven Halls
 48787 | Elf:1    | Reached skill level 15 in Fire Magic
 49202 | Elf:1    | Reached skill level 5 in Armour
 49461 | Elf:1    | Reached ***** piety under Ashenzari
 49510 | Elf:1    | Found Wepiexonn's Antique Weapon Shoppe.
 49920 | Elf:1    | Found Hekk's Antique Armour Emporium.
 50044 | Elf:1    | Found Doroqimn's Jewellery Emporium.
 50297 | Elf:1    | Found Reorhit's Magic Scroll Shoppe.
 50301 | Elf:1    | Bought a scroll of blinking for 127 gold pieces
 50301 | Elf:1    | Bought a scroll of fear for 68 gold pieces
 50900 | Elf:2    | Found Todoteif's Jewellery Shop.
 50914 | Elf:2    | Bought the amulet of Vitality {RegenMP++ Regen++} for 1400
                  | gold pieces
 50914 | Elf:2    | Found the amulet of Vitality {RegenMP++ Regen++}
 51017 | Elf:2    | Found a runed translucent gate.
 51017 | Elf:2    | Found a runed translucent gate.
 51017 | Elf:2    | Found a runed translucent gate.
 51081 | Elf:2    | Learned a level 8 spell: Ignition
 51459 | Elf:3    | Entered Level 3 of the Elven Halls
 51481 | Elf:3    | Paralysed by an air elemental for 1 turns
 51549 | Elf:3    | Found Eziytz's Magic Scroll Boutique.
 51553 | Elf:3    | Bought a scroll of blinking for 127 gold pieces
 51613 | Elf:3    | Reached skill level 15 in Conjurations
 52338 | Elf:3    | Reached XP level 20. HP: 153/155 MP: 19/35
 52345 | Elf:3    | Identified the +8 war axe of Dissatisfaction {freeze, rElec
                  | Dex-2 Stlth+}
 52850 | Elf:3    | Identified the +0 scale mail "Qakutsun" {Str+3 Int+2}
 52859 | Elf:3    | Identified the +0 plate armour "Eto Nuwk" {Slay+3}
 53083 | Elf:3    | Identified the ring "Boibod" {Fly rPois Dex-3 Slay+5}
 53211 | Elf:3    | Identified the +0 chain mail of the New World {rCorr}
 53211 | Elf:3    | Identified the +1 scale mail of Qouf {Int+3}
 53212 | Elf:3    | Identified the +7 dagger of the Tomato {elec, rElec}
 53285 | Elf:3    | Identified the staff "Weunkeg" {rPois rC+ Str+5 Dex+2 Ice}
 53286 | Elf:3    | Found the +7 Spriggan's Knife {stab, EV+4 Stlth+}
 53456 | Elf:3    | Found a shimmering blue altar of Sif Muna.
 54023 | Shoals:1 | Entered Level 1 of the Shoals
 54317 | Shoals:1 | Found a runed translucent door.
 54317 | Shoals:1 | Noticed HilariousDeathArtist's ghost (adept DrCK)
 55068 | Shoals:2 | Noticed Ilsuiw
 55074 | Shoals:2 | Killed Ilsuiw
 55790 | Shoals:3 | Noticed Louise
 55791 | Shoals:3 | Killed Louise
 55866 | Shoals:3 | Identified the +5 mace "Xirr" {freeze, rPois rN+ Int+3
                  | Stlth+}
 56100 | Shoals:3 | Found Qivaczuc's Antique Armour Shop.
 56115 | Shoals:3 | Bought a dull robe for 148 gold pieces
 56115 | Shoals:3 | Identified the +0 robe of the Original Sin {rN+ Str+3
                  | Int+6} (You bought it in a shop on level 3 of the Shoals)
 56128 | Shoals:3 | Reached XP level 21. HP: 164/164 MP: 37/37
 56419 | Shoals:4 | Entered Level 4 of the Shoals
 56419 | Shoals:4 | Found an ornate altar of the Wu Jian Council.
 56875 | Shoals:4 | Noticed Nikola
 56886 | Shoals:4 | Killed Nikola
 56890 | Shoals:4 | Reached skill level 5 in Evocations
 57354 | Shoals:4 | Found Ocwiass's Antique Weapon Emporium.
 57505 | Shoals:4 | Got a barnacled rune of Zot
 57550 | Shoals:4 | Identified the ring of Greater Demons {Fly rF- rC+ Int+2}
 57875 | Vaults:1 | Entered Level 1 of the Vaults
 57913 | D:13     | Killed Maxmaps's ghost
 58135 | D:7      | Killed CraigForest's ghost
 58649 | Shoals:1 | Killed HilariousDeathArtist's ghost
 58882 | Vaults:1 | Learned a level 8 spell: Maxwell's Capacitive Coupling
 59703 | Vaults:1 | Found Adua's Antique Weapon Shoppe.
 60053 | Vaults:1 | Reached XP level 22. HP: 172/172 MP: 10/38
 60170 | Vaults:1 | Noticed Aizul
 60185 | Vaults:1 | Killed Aizul
 60934 | Abyss:3  | Cast into level 3 of the Abyss (a deep elf sorcerer)
 61022 | Abyss:3  | Found a corrupted altar of Lugonu.
 61025 | Abyss:3  | Found a corrupted altar of Lugonu.
 61025 | Abyss:3  | Found a corrupted altar of Lugonu.
 61033 | Abyss:3  | Reached skill level 1 in Staves
 61226 | Abyss:3  | Noticed a bone dragon
 61293 | Abyss:3  | Learned a level 3 spell: Stone Arrow
 61482 | Abyss:5  | Reached skill level 5 in Staves
 61489 | Vaults:2 | Escaped the Abyss
 61492 | Vaults:2 | Noticed Margery
 61656 | Vaults:2 | Killed Margery
 62561 | Vaults:2 | Acquired 1184 gold pieces
 62721 | D:14     | You paid a toll of 2 scrolls of acquirement to enter a
                  | treasure trove
 62722 | Trove    | Entered a treasure trove
 62724 | Trove    | Identified the ring of Ushrauz {MP+9 EV+5}
 62724 | Trove    | Identified the ring of Incredulity {rElec rC+ Str+2 Int-3}
 62724 | Trove    | Identified the ring "Nacwius" {rCorr Str+3}
 62724 | Trove    | Identified the ring of the Madman {Will+ MP+9 Dex+6}
 62724 | Trove    | Identified the ring "Irhewk" {Will- EV+5 Str+3 Int+2}
 62725 | Trove    | Identified the ring "Asyqoari" {rC+ Slay+3}
 62725 | Trove    | Identified the amulet "Eryid" {Reflect Will+ Int-5 SH+5
                  | SInv}
 63479 | Orc:2    | Bought pearl dragon scales for 1900 gold pieces
 64066 | Vaults:3 | Found a flickering gateway to a bazaar.
 64080 | Bazaar   | Entered a bazaar
 64098 | Bazaar   | Found Luwuph's Book Shop.
 64111 | Bazaar   | Found Agozxol's Antique Armour Boutique.
 64147 | Bazaar   | Found Xollupta's Weapon Shop.
 64147 | Bazaar   | Found Sayzoh's Armour Boutique.
 64177 | Bazaar   | Bought a pair of embroidered gloves for 180 gold pieces
 64618 | Vaults:3 | Reached XP level 23. HP: 183/183 MP: 29/41
 64654 | Vaults:3 | Found a staircase to the Crypt.
 64756 | Vaults:3 | Reached skill level 10 in Dodging
 65041 | Vaults:3 | Identified Usuw's Directory of Transmigration and
                  | Unhallowed Ceremonies
 65041 | Vaults:3 | Identified the +0 ring mail of Peegus {rC++ Int-4}
 65336 | Vaults:3 | Noticed a golden dragon
 65340 | Vaults:3 | Killed a golden dragon
 66356 | Vaults:4 | Reached skill level 10 in Armour
 67902 | Vaults:5 | Entered Level 5 of the Vaults
 67904 | Vaults:5 | Reached XP level 24. HP: 189/189 MP: 41/41
 67910 | Vaults:5 | Noticed a golden dragon
 67910 | Vaults:5 | Noticed a dread lich
 67915 | Vaults:5 | Reached skill level 15 in Armour
 67923 | Vaults:4 | Killed a golden dragon
 68218 | Depths:1 | Entered Level 1 of the Depths
 68413 | Depths:1 | Found a white marble altar of Elyvilon.
 68436 | Depths:1 | Learned a level 7 spell: Spellforged Servitor
 68600 | Depths:1 | Found a gateway to Hell.
 68716 | Depths:2 | Reached skill level 1 in Summonings
 69214 | Depths:2 | Learned a level 5 spell: Irradiate
 69356 | Depths:2 | Gained mutation: You are vulnerable to cold. (rC-) [a
                  | cacodemon]
 69358 | Depths:2 | Noticed the Enchantress
 69423 | Depths:1 | Lost mutation: You are vulnerable to cold. (rC-) [potion of
                  | mutation]
 69423 | Depths:1 | Gained mutation: You sometimes lose your temper in combat.
                  | [potion of mutation]
 69423 | Depths:1 | Gained mutation: You are agile. (Dex +4, Str/Int -1)
                  | [potion of mutation]
 69423 | Depths:1 | Gained mutation: You are partially covered in iridescent
                  | scales. (AC +2) [potion of mutation]
 69424 | Depths:1 | Lost mutation: You sometimes lose your temper in combat.
                  | [potion of mutation]
 69424 | Depths:1 | Lost mutation: You are agile. (Dex +4, Str/Int -1) [potion
                  | of mutation]
 69424 | Depths:1 | Lost mutation: You are partially covered in iridescent
                  | scales. (AC +2) [potion of mutation]
 69424 | Depths:1 | Gained mutation: You possess an exceptional clarity of
                  | mind. [potion of mutation]
 69424 | Depths:1 | Gained mutation: Potions are less effective at restoring
                  | your health. [potion of mutation]
 69424 | Depths:1 | Gained mutation: Your body sometimes deteriorates upon
                  | taking damage. [potion of mutation]
 70831 | Depths:1 | Reached skill level 5 in Summonings
 71271 | Depths:2 | Found a one-way gate leading to the halls of Pandemonium.
 71370 | Depths:2 | Killed the Enchantress
 71499 | Depths:2 | Found a runed translucent door.
 72386 | Depths:2 | Found a runed translucent door.
 72391 | Depths:2 | Noticed a juggernaut
 72420 | Depths:2 | Reached XP level 25. HP: 201/201 MP: 43/43
 72420 | Depths:2 | Killed a juggernaut
 72592 | Depths:3 | Noticed Norris
 72606 | Depths:2 | Killed Norris
 72649 | Depths:3 | Noticed a caustic shrike
 72655 | Depths:3 | Killed a caustic shrike
 72655 | Depths:3 | Noticed a juggernaut
 72656 | Depths:3 | Reached skill level 10 in Summonings
 72827 | Depths:3 | Killed a juggernaut
 72969 | Depths:3 | Found Ackipuj's Serpentskin Sales.
 73003 | Depths:3 | Noticed Sojobo
 73005 | Depths:3 | Killed Sojobo
 73017 | Depths:3 | Identified the +9 plate armour of the Dropbear {*Slow rPois
                  | rCorr Dex+4}
 73177 | Depths:3 | Identified the staff of Supply {rPois rF+ Poison}
 73203 | Depths:3 | Found a one-way gate to the infinite horrors of the Abyss.
 73710 | Depths:4 | Entered Level 4 of the Depths
 73938 | Depths:4 | Noticed Saint Roka
 73941 | Depths:4 | Killed Saint Roka
 73947 | Depths:4 | Noticed Parghit
 73949 | Depths:4 | Killed Parghit
 74195 | Depths:4 | Identified the ring "Zaujudon" {Ice Fly Str-5 Int+3}
 74195 | Depths:4 | Noticed Josephina
 74384 | Depths:4 | Found a stormy altar of Qazlal.
 74408 | Depths:4 | Noticed a caustic shrike
 74412 | Depths:4 | Noticed a caustic shrike
 74414 | Depths:4 | Killed a caustic shrike
 74415 | Depths:4 | Killed a caustic shrike
 74416 | Depths:4 | Noticed a caustic shrike
 74418 | Depths:4 | Killed a caustic shrike
 74426 | Depths:4 | Killed Josephina
 74434 | Depths:4 | Noticed a juggernaut
 74611 | Depths:4 | Found a one-way gateway to a ziggurat.
 74622 | Depths:4 | Noticed a juggernaut
 74625 | Depths:4 | Killed a juggernaut
 74633 | Depths:4 | Killed a juggernaut
 74704 | Depths:4 | Noticed Boris
 74707 | Depths:4 | Killed Boris
 75079 | Depths:4 | Reached XP level 26. HP: 213/213 MP: 20/43
 75299 | Depths:4 | Found a gate to the Realm of Zot.
 76320 | Slime:3  | Reached skill level 15 in Fighting
 76740 | Slime:5  | Entered Level 5 of the Pits of Slime
 76945 | Slime:5  | Noticed the Royal Jelly
 77121 | Slime:5  | Found a viscous altar of Jiyva.
 77317 | Slime:5  | Killed the Royal Jelly
 77458 | Slime:5  | Identified the +1 robe of the Engineer {*Corrode rPois
                  | rN+++ Stlth-}
 77460 | Slime:5  | Identified the +9 sling of the Four Beggars {freeze, rElec
                  | rPois rF- Str+4}
 77473 | Slime:5  | Got a slimy rune of Zot
 77515 | Slime:5  | Identified the Treatise on Evolving Necromancy
 77515 | Slime:5  | Identified the Papyrus of Ceraunoscopy
 77516 | Slime:5  | Identified the +1 rapier of Equivalence {heavy, Will+++
                  | Str+5 Dex-2}
 77516 | Slime:5  | Identified the staff of the Ghost {Contam rElec rN+ rCorr
                  | Int+3 Air}
 77516 | Slime:5  | Identified the ring "Vonuis" {Wiz rN+}
 77729 | Slime:5  | Identified the +1 helmet of Supple Strength {Slay+5}
 77730 | Slime:5  | Found the +18 shield of the Gong {Loud rN+ Will+ rCorr
                  | EV-5}
 77730 | Slime:5  | Identified the amulet of Xuzepn {Spirit rN+++ Str+2 Dex+5
                  | Slay-2}
 78357 | Zot:1    | Entered Level 1 of the Realm of Zot
 78553 | Zot:1    | Reached skill level 10 in Evocations
 79638 | Zot:2    | Reached XP level 27. HP: 224/224 MP: 37/43
 80085 | Zot:2    | Noticed an orb of fire
 80100 | Zot:2    | Killed an orb of fire
 80193 | Zot:2    | Identified the orb of Plog {*channel, Int-2 Dex+4 SInv}
 80422 | Zot:2    | Reached ****** piety under Ashenzari
 80778 | D:10     | Bought a manual of Staves for 960 gold pieces
 80778 | D:10     | Bought a book of the Warp for 504 gold pieces
 80781 | D:10     | Learned a level 2 spell: Blink
 82133 | Zot:3    | Noticed Grunn
 82136 | Zot:3    | Killed Grunn
 82312 | Zot:3    | Reached skill level 10 in Staves
 84564 | Zot:4    | Noticed an orb of fire
 84568 | Zot:4    | Killed an orb of fire
 84870 | Zot:4    | Identified the Vellum of the Glowing Boulder
 84916 | Zot:4    | Identified the ring "Fesurch" {rC++ rN+ Int+2}
 85345 | Zot:5    | Entered Level 5 of the Realm of Zot
 85629 | Zot:5    | Reached skill level 15 in Dodging
 85782 | Zot:5    | Noticed an orb of fire
 85787 | Zot:5    | Killed an orb of fire
 86195 | Zot:5    | Noticed an orb of fire
 86200 | Zot:5    | Killed an orb of fire
 86503 | Zot:5    | Noticed a Killer Klown
 86508 | Zot:5    | Killed a Killer Klown
 86522 | Zot:5    | Noticed a Killer Klown
 86525 | Zot:5    | Killed a Killer Klown
 86537 | Zot:5    | Noticed a Killer Klown
 86540 | Zot:5    | Killed a Killer Klown
 86556 | Zot:5    | Noticed a Killer Klown
 86571 | Zot:5    | Killed a Killer Klown
 86627 | Zot:5    | Noticed a Killer Klown
 86631 | Zot:5    | Killed a Killer Klown
 86649 | Zot:5    | Noticed an orb of fire
 86659 | Zot:5    | Killed an orb of fire
 86775 | Zot:5    | Noticed a dread lich
 86778 | Zot:5    | Killed a dread lich
 86879 | Zot:5    | Noticed an orb of fire
 86881 | Zot:5    | Noticed a Killer Klown
 86883 | Zot:5    | Noticed a Killer Klown
 86887 | Zot:5    | Got the Orb of Zot
 86903 | Zot:5    | Noticed an orb of fire
 86905 | Zot:5    | Noticed a dread lich
 86963 | Zot:4    | Noticed Jimeth the pandemonium lord
 87279 | D:14     | Noticed Xiciw the pandemonium lord
 87468 | D:6      | Noticed Soofoumm the pandemonium lord
 87477 | D:5      | Killed Soofoumm the pandemonium lord
 87613 | D:$      | Escaped with the Orb!

Illustrated notes

Levels and vault maps discovered:
D:1:      dpeg_arrival_signposts, layout_rooms,
          shapermc_ecumenical_altar_mp_vishouse
D:2:      layout_basic, serial_shops, shop, basic_altar,
          minmay_gold_behind_fungi, grunt_ministairs_7
D:3:      layout_rooms, serial_shops, shop_coins, uniq_grinder
D:4:      layout_basic, lemuel_doored_altar
D:5:      layout_basic, mainiacjoe_overflow_swirl, minmay_divided_ellipse
D:6:      layout_basic, fiery_altar_vehumet, minmay_temple_entry_large_hall,
          grunt_ministairs_9, minmay_pentangle
D:7:      layout_basic, ebering_ghost_reflecting_pool, enter_bailey_5
D:8:      layout_basic
D:9:      layout_loops_corners, lair_entry_dummy
D:10:     layout_basic, serial_shops, nicolae_shop_advertising_works
          [nicolae_subvault_shop_adworks], kennysheep_generic_room_14,
          uniq_psyche
D:11:     layout_cave_pools, kb_rosetta, uniq_lodul
D:12:     layout_basic, orc_0_dummy
D:13:     layout_long_grid, gammafunk_ghost_mausoleum, zin_academy
D:14:     layout_loops_ring, david_vaults_2, nicolae_trove_entry_path_of_doom,
          uniq_kirke
D:15:     hangedman_depths_entry_try_elsewhere_first, layout_gridville,
          minmay_misc_feat_diagonals
Temple:   mainiacjoe_temple_bowtie_tessellation
Lair:1:   layout_regular_city, portal_ice_cave_entry_imps, beast_lair_carwin_9,
          uniq_erica
Lair:2:   layout_regular_city, grunt_megastairs_3, serial_bayou_shore_b,
          lemuel_fruit_tree, uniq_prince_ribbit2
Lair:3:   layout_hall_layers, minmay_shoals_entry_centaurs,
          minmay_snake_entry_guardpost_small, grunt_megastairs_2,
          serial_bayou_shore_a
Lair:4:   layout_roguey, nicolae_slime_entry_field_trip, special_room
          [special_room_mythical_zoo]
Lair:5:   evilmike_catoblepas_cave, layout_hall_layers, minivault_26,
          kennysheep_abandoned_house
Shoals:1: layout_shoals, gammafunk_ghost_grave,
          nicolae_shoals_nymph_descending_staircase
Shoals:2: layout_shoals, nicolae_shoals_square_sea_wall, uniq_ilsuiw
Shoals:3: layout_shoals, serial_shops, shop, nicolae_shoals_loop_pool,
          uniq_louise
Shoals:4: shoals_end_grunt_ice, layout_shoals, serial_shops, shop,
          lemuel_oklob_altar, uniq_nikola
Snake:1:  layout_layer_cave, nicolae_triple_integral, uniq_rupert
Snake:2:  nicolae_cobra_stairs, layout_rooms, serial_shops,
          nicolae_shop_behind_doors, uniq_roxanne
Snake:3:  layout_grid_shapes, serial_bayou_shore_b
Snake:4:  grunt_snake_rune_serpentine_throne, layout_basic, basic_altar
Slime:1:  layout_caves
Slime:2:  layout_caves, nicolae_slime_rock_hall_of_fame
Slime:3:  layout_caves
Slime:4:  layout_caves
Slime:5:  slime_pit_nicolae_block_by_block
Orc:1:    layout_diamond_mine, lightli_orcish_oven, uniq_nergalle, uniq_maurice
Orc:2:    grunt_orc_community_town_hall, layout_diamond_mine,
          grunt_orc_community_big_house_2, grunt_orc_community_big_house_2,
          grunt_orc_community_house_3, grunt_orc_community_house_1,
          grunt_orc_community_house_2, grunt_orc_community_house_2,
          bh_open_orc_temple
Elf:1:    nicolae_elf_arrival_no_cutting_in_line, layout_gridlike, serial_shops,
          nicolae_shop_hallway_stairs, nicolae_shop_statue_plus,
          nicolae_shop_back_alley_shop, nicolae_shop_gaudy_bauble,
          hangedman_elf_represent
Elf:2:    nicolae_elf_blades_splatter_lattice [nicolae_blade_entry_antechamber],
          layout_geoelf_octagon, serial_shops, shop, lemuel_flamethrower_hall,
          uniq_jorgrun
Elf:3:    minmay_elf_hall_statues, layout_gridlike, basic_altar, serial_shops,
          shop, grunt_megastairs_5
Vaults:1: hangedman_vaults_variations, vaults_room_hallway,
          nicolae_vaults_specimen_jars, nicolae_vaults_apartment_1, v_misc_18,
          nicolae_vaults_closet_pinwheel_4, nicolae_vaults_angled_halls,
          hangedman_vaults_stagger, ontoclasm_vaults_shout,
          nicolae_vaults_circle_grid_a, layout_vaults_omnigrid, serial_shops,
          shop, uniq_aizul
Vaults:2: infiniplex_enter_wizlab_spiral, nicolae_vaults_security_offices_6,
          dpeg_vaults_monster_box, nicolae_vaults_network_barrier,
          vaults_dpeg_cross, vaults_room_fours, nicolae_vaults_circle_grid_b,
          vaults_mumra_minichess_inversion, v_alt_pattern_6,
          nicolae_vaults_storage_room_glass, v_misc_28, vaults_room_hallway,
          layout_vaults_chaotic_city, uniq_margery
Vaults:3: nicolae_vaults_tetromino_Z_2, ontoclasm_vaults_tryst, v_misc_1,
          nicolae_vaults_thirteen_compartments, nicolae_vaults_tetromino_Z_2,
          ontoclasm_vaults_eye, minmay_crypt_entry_simple_corners,
          vaults_mumra_minichess, v_misc_30, nicolae_vaults_double_plus_2,
          nicolae_vaults_network_periphery, ontoclasm_vaults_decontamination,
          vaults_room_hallway, layout_vaults_omnicross, serial_shops,
          bzr_entry_safe
Vaults:4: v_rooms_5, hangedman_vaults_restitches,
          nicolae_vaults_trapezoid_lopsided_4, vaults_dpeg_ring,
          nicolae_vaults_little_squares_6, hangedman_vaults_locks,
          nicolae_vaults_theta, nicolae_vaults_puzzle_piece,
          ontoclasm_vaults_hangar, v_misc_13, ontoclasm_vaults_ligature,
          vaults_mumra_hexcomb, nicolae_vaults_turnstiles,
          vaults_dpeg_encased_lava, v_misc_17, layout_vaults_maze_bifur
Vaults:5: uniq_jory
Depths:1: layout_cave_pools, hell_entry, elyvilon_altar_3,
          kennysheep_generic_room_3
Depths:2: thingy_vault_2, layout_cave_shapes, grunt_hell_horde,
          roderic_lattice_a, grunt_pan_entry_in_and_out,
          kennysheep_generic_room_2, uniq_enchantress
Depths:3: minmay_cut_squares, layout_cave_shapes, kennysheep_path_1, hell_entry,
          abyss_entry, hangedman_decor_push, guppyfry_shop_venom,
          minmay_staircase_bubble, uniq_norris, uniq_sojobo
Depths:4: grunt_bruiser_brothers, layout_gridlike, enter_ziggurat_e,
          serial_bayou, serial_bayou_lagoon_a, serial_bayou_pond_c,
          serial_bayou_pond_e, serial_bayou_pond_c,
          nicolae_qazlal_general_emergency, hell_entry, uniq_saint_roka,
          uniq_parghit, uniq_boris, uniq_josephina
Zot:1:    nicolae_moth_party, layout_onion_interference, grunt_ministairs_2,
          grunt_megastairs_1
Zot:2:    evilmike_crystal_ball_defense, layout_twisted_circle,
          nicolae_zot_crop_circle
Zot:3:    layout_concentric_octagons, hangedman_zot_decor_slant, uniq_grunn
Zot:4:    layout_basic, st_large_dragon_hoard_1
Zot:5:    layout_gridlike

Skill      XL: |  1  2  3  4  5  6  7  8  9 10 11 12 13 14 15 16 17 18 19 20 21 22 23 24 25 26 27 |
---------------+----------------------------------------------------------------------------------+-----
Conjurations   | 5 6 7 8 10 11 14 15 16 17 | 17.0
Stealth        | 3 |  3.0
Translocations | 1 3 4 |  4.6
Fighting       | 2 5 8 11 12 14 15 16 | 16.6
Air Magic      | 2 4 9 10 11 12 13 14 16 | 16.9
Spellcasting   | 4 9 10 11 12 | 12.0
Hexes          | 2 4 |  4.0
Dodging        | 4 6 8 9 10 17 | 17.3
Evocations     | 2 4 6 12 14 | 14.0
Fire Magic     | 4 9 10 11 13 15 17 | 17.9
Armour         | 4 5 6 8 9 14 17 | 17.0
Shields        | 6 10 11 13 | 13.9
Staves         | 8 12 | 12.0
Summonings     | 7 11 | 11.9

Action                     |  1- 3 |  4- 6 |  7- 9 | 10-12 | 13-15 | 16-18 | 19-21 | 22-24 | 25-27 || total
---------------------------+-------+-------+-------+-------+-------+-------+-------+-------+-------++-------
  Melee: Staff             |       |     7 |     1 |     1 |     6 |     9 |     8 |    62 |    21 ||   115
         Dagger            |       |       |       |     9 |    18 |       |       |       |       ||    27
         Punch             |       |       |       |     1 |     2 |       |       |       |       ||     3
         Short sword       |       |       |       |       |       |    58 |    24 |       |       ||    82
  Throw: Dart              |       |       |       |     3 |     1 |       |       |       |       ||     4
   Cast: Magic Dart        |    62 |   105 |   106 |    64 |    46 |       |       |       |       ||   383
         Searing Ray       |     2 |     6 |    41 |    39 |     8 |       |       |       |       ||    96
         Fulminant Prism   |       |       |    17 |    29 |    14 |    16 |       |       |       ||    76
         Iskenderun's Myst |       |       |       |     1 |       |     2 |       |       |       ||     3
         Arcjolt           |       |       |       |    56 |   184 |    80 |    17 |     3 |       ||   340
         Iskenderun's Batt |       |       |       |     8 |    55 |       |     4 |     3 |       ||    70
         Plasma Beam       |       |       |       |       |   181 |   422 |   471 |   403 |   623 ||  2100
         Orb of Destructio |       |       |       |       |       |       |    39 |     9 |     2 ||    50
         Ignition          |       |       |       |       |       |       |    17 |    73 |    30 ||   120
         Stone Arrow       |       |       |       |       |       |       |       |     8 |       ||     8
         Irradiate         |       |       |       |       |       |       |       |     2 |       ||     2
         Maxwell's Capacit |       |       |       |       |       |       |       |       |    20 ||    20
         Spellforged Servi |       |       |       |       |       |       |       |       |     2 ||     2
 Invoke: Curse Item        |       |       |       |     3 |     5 |     2 |     2 |     3 |     2 ||    17
         Shatter the Chain |       |       |       |     1 |     2 |       |     2 |     2 |     1 ||     8
  Evoke: Wand              |       |       |       |       |     1 |    10 |       |     3 |     7 ||    21
         Tin of tremorston |       |       |       |       |       |     3 |       |       |     2 ||     5
         Phantom mirror    |       |       |       |       |       |     2 |     1 |     1 |     1 ||     5
         Lightning rod     |       |       |       |       |       |     2 |       |     3 |       ||     5
    Use: Scroll            |       |       |    13 |     2 |     4 |     1 |     8 |     9 |     6 ||    43
         Potion            |       |       |       |     2 |     1 |       |     3 |     6 |     7 ||    19
   Stab: Sleeping          |       |       |     1 |     1 |       |       |       |       |       ||     2
 Armour: Robe              |       |       |    23 |     3 |       |       |       |       |       ||    26
         Leather armour    |       |       |       |    52 |       |       |       |       |       ||    52
         Ring mail         |       |       |       |     5 |   124 |    88 |    46 |    80 |       ||   343
         Pearl dragon scal |       |       |       |       |       |       |       |    70 |       ||    70
         Acid dragon scale |       |       |       |       |       |       |       |     1 |    75 ||    76
  Dodge: Dodged            |     2 |    11 |    48 |    87 |   106 |   137 |    58 |   135 |   129 ||   713
  Block: Kite shield       |       |       |       |       |       |   112 |   130 |   273 |   132 ||   647
         Buckler           |       |       |       |       |       |     4 |       |       |       ||     4

Table legend: (Time is in decaauts)
 A = Elapsed time spent in this place.
 B = Non-inter-level travel time spent in this place.
 C = Inter-level travel time spent in this place.
 D = Time resting spent in this place.
 E = Time spent auto-exploring this place.
 F = Levels seen in this place.
 G = Mean time per level.
                   A        B        C        D        E       F      G
               +--------+--------+--------+--------+--------+-----+--------+
         Total |  88113 |  77917 |  10196 |  27405 |  38242 |  59 | 1493.4 |
       Dungeon |  22428 |  18205 |   4223 |   4290 |  11295 |  15 | 1495.2 |
        Temple |     38 |     28 |     10 |      0 |      0 |   1 |   38.0 |
          Lair |  10035 |   8704 |   1331 |   3152 |   4571 |   5 | 2007.0 |
        Shoals |   4177 |   3752 |    425 |    717 |   2245 |   4 | 1044.2 |
     Snake Pit |  14090 |  13620 |    470 |   7805 |   4132 |   4 | 3522.5 |
    Slime Pits |   1905 |   1680 |    225 |    549 |    734 |   5 |  381.0 |
  Orcish Mines |   4899 |   4444 |    455 |   1994 |   1757 |   2 | 2449.5 |
   Elven Halls |   5224 |   4721 |    503 |   1361 |   2594 |   3 | 1741.3 |
        Vaults |   7715 |   6635 |   1080 |   1222 |   4234 |   5 | 1543.0 |
        Depths |   7955 |   7007 |    948 |   2916 |   3067 |   4 | 1988.8 |
           Zot |   8138 |   7616 |    522 |   2943 |   3442 |   5 | 1627.6 |
         Abyss |    557 |    557 |      0 |    131 |      0 |   3 |  185.7 |
        Bazaar |    103 |    103 |      0 |      0 |     78 |   1 |  103.0 |
         Trove |     38 |     38 |      0 |      0 |      4 |   1 |   38.0 |
        Bailey |    803 |    803 |      0 |    324 |     87 |   1 |  803.0 |
               +--------+--------+--------+--------+--------+-----+--------+

Top non-repeatable levels by time:
 Snake:3: 3960 daAuts
Depths:2: 3846 daAuts
 Snake:1: 3461 daAuts
 Snake:4: 3334 daAuts
 Snake:2: 3333 daAuts
   Orc:2: 3287 daAuts
  Lair:4: 2350 daAuts
Vaults:1: 2348 daAuts
    D:14: 2298 daAuts
    D:12: 2286 daAuts
  Lair:3: 2134 daAuts
    D:10: 2119 daAuts
  Lair:1: 2088 daAuts
   Zot:2: 2075 daAuts
Depths:4: 2065 daAuts
